 Dungeon Crawl Stone Soup version 0.21.0-3-g78d12a8 (webtiles) character file.

1633 Sayani the Cleaver (level 8, -3/70 HPs)
             Began as a Minotaur Berserker on Jan 13, 2018.
             Was an Elder of Trog.
             Succumbed to a gnoll sergeant's poison
             ... on level 6 of the Dungeon.
             The game lasted 00:07:59 (5576 turns).

Sayani the Cleaver (Minotaur Berserker)             Turns: 5576, Time: 00:07:59

Health: -3/70      AC:  8    Str: 24    XL:     8   Next: 66%
Magic:  7/7        EV: 11    Int:  9    God:    Trog [****..]
Gold:   216        SH:  0    Dex: 10    Spells: 7/7 levels left

rFire    . . .     SeeInvis .   v - +0 war axe
rCold    + . .     Gourm    .   (no shield)
rNeg     . . .     Faith    +   r - +2 ring mail {rC+}
rPois    .         Spirit   .   (helmet restricted)
rElec    .         Reflect  .   (no cloak)
rCorr    .         Harm     .   (no gloves)
MR       .....                  (no boots)
Stlth    ..........             q - amulet of faith
HPRegen  0.21/turn              (no ring)
MPRegen  0.10/turn              (no ring)

@: brilliant, lethally poisoned (-3 -> -35), berserk cooldown, slowed, very slow
A: retaliatory headbutt, horns 2
a: Berserk, Trog's Hand, Brothers in Arms, Burn Spellbooks, Renounce Religion


You were on level 6 of the Dungeon.
You worshipped Trog.
Trog was greatly pleased with you.
You were not hungry.

You visited 1 branch of the dungeon, and saw 6 of its levels.

You collected 216 gold pieces.

Inventory:

Hand Weapons
 v - a +0 war axe (weapon)
Missiles
 b - 2 javelins (quivered)
Armour
 r - a +2 ring mail of cold resistance (worn)
Jewellery
 q - an amulet of faith (around neck)
Wands
 s - a wand of disintegration (14)
Scrolls
 d - 4 scrolls of enchant armour {unknown}
 e - 4 scrolls of amnesia {unknown}
 f - 3 scrolls of teleportation {unknown}
 g - 3 scrolls of blinking {unknown}
 i - 3 scrolls of identify {unknown}
 j - a scroll of immolation {unknown}
 l - a scroll of enchant weapon {unknown}
 m - a scroll of fog {unknown}
 n - a scroll of magic mapping {unknown}
 u - 3 scrolls of remove curse {unknown}
Potions
 h - 3 potions of brilliance
 k - a potion of haste {unknown}
 o - 2 potions of lignification {unknown}
 p - 2 potions of heal wounds {unknown}
 t - a potion of curing {unknown}
Comestibles
 c - 3 rations


   Skills:
 * Level 6.0 Fighting
 + Level 11.1 Axes
 + Level 6.3 Armour
 - Level 2.2 Dodging


You had 7 spell levels left.
You didn't know any spells.

Dungeon Overview and Level Annotations

Branches:
Dungeon (6/15)             Temple (0/1) D:4

Altars:
Cheibriados
Dithmenos
Elyvilon
Fedhas
Okawaru
Sif Muna
Xom
The Shining One


Innate Abilities, Weirdness & Mutations

You reflexively headbutt those who attack you in melee.
You have a pair of horns on your head.


Message History

* * * LOW HITPOINT WARNING * * *
You feel sick.
* * * LOW HITPOINT WARNING * * *
You feel sick.
Things that are here:
a bullfrog corpse; a gnoll corpse
There is a lethal amount of poison in your body!
You are too berserk!
You eat one of the 4 rations.
That ration really hit the spot!
You feel a strong urge to attack something.
* * * LOW HITPOINT WARNING * * *
You feel very sick.
You are no longer berserk.
You are exhausted.
You feel yourself slow down.
* * * LOW HITPOINT WARNING * * *
You feel sick.
It was a potion of brilliance.
You feel clever all of a sudden.
You die...

.....#..................#.
.....#..................#.
..(..###########'###+####.
..........................
.....(....................
..........................
......))).................
##)#######....#######
#).†@....#....# #...
#.!†.....'.†..# #...
##########....# #...
.............# #...
.............# #...
.............#######
...................<
#+#######...........
#...........


There were no monsters in sight!

Vanquished Creatures
  The ghost of kegs the Skirmisher, a novice HOFi (D:4)
  Edmund (D:5)
  A sky beast (D:6)
  3 ogres (D:5)
  A centaur (D:6)
  A bullfrog (D:6)
  A gnoll sergeant (D:6)
  An orc priest (D:4)
  A bullfrog skeleton (D:5)
  4 hounds
  An orc wizard (D:6)
  6 worker ants
  2 hound skeletons
  Robin (D:2)
  6 adders
  12 gnolls
  An adder zombie (D:5)
  3 worms
  3 dart slugs
  2 leopard geckos
  8 orcs
  4 bats
  4 giant cockroaches
  17 goblins
  9 hobgoblins
  5 jackals
  3 kobolds
  3 quokkas
  A ball python (D:3)
  3 frilled lizards
  A quokka skeleton (D:5)
  A quokka zombie (D:5)
  8 rats
119 creatures vanquished.

Notes
Turn   | Place    | Note
-------+----------+-------------------------------------------
     0 | D:1      | Sayani the Minotaur Berserker began the quest for the Orb.
     0 | D:1      | Reached XP level 1. HP: 19/19 MP: 0/0
    27 | D:1      | Reached skill level 4 in Axes
    40 | D:1      | Reached XP level 2. HP: 8/26 MP: 1/1
   586 | D:1      | Reached skill level 5 in Axes
   669 | D:1      | Reached XP level 3. HP: 31/31 MP: 2/2
   720 | D:1      | Reached ** piety under Trog
   813 | D:2      | Noticed Robin
   993 | D:2      | Killed Robin
  1222 | D:2      | Reached skill level 6 in Axes
  1222 | D:2      | Reached XP level 4. HP: 39/39 MP: 3/3
  1490 | D:2      | Found a white marble altar of Elyvilon.
  2139 | D:3      | Reached skill level 7 in Axes
  2139 | D:3      | Reached XP level 5. HP: 33/45 MP: 4/4
  2847 | D:3      | Reached *** piety under Trog
  2911 | D:3      | Found a glowing golden altar of the Shining One.
  3184 | D:4      | Noticed kegs's ghost (novice HOFi)
  3194 | D:4      | Killed kegs's ghost
  3194 | D:4      | Reached skill level 9 in Axes
  3194 | D:4      | Reached XP level 6. HP: 49/52 MP: 5/5
  3194 | D:4      | Reached XP level 7. HP: 56/59 MP: 6/6
  3548 | D:4      | Found a shadowy altar of Dithmenos.
  3550 | D:4      | Found an iron altar of Okawaru.
  3550 | D:4      | Found a snail-covered altar of Cheibriados.
  3554 | D:4      | Found a shimmering altar of Xom.
  3555 | D:4      | Found a deep blue altar of Sif Muna.
  3649 | D:5      | Entered Level 5 of the Dungeon
  3686 | D:4      | Found a staircase to the Ecumenical Temple.
  4245 | D:5      | Noticed Edmund
  4250 | D:5      | Killed Edmund
  4250 | D:5      | Reached skill level 10 in Axes
  4253 | D:5      | Reached skill level 5 in Armour
  4253 | D:5      | Reached XP level 8. HP: 67/67 MP: 7/7
  4352 | D:5      | Found a blossoming altar of Fedhas.
  4548 | D:5      | Reached skill level 5 in Fighting
  5552 | D:6      | Reached **** piety under Trog
  5562 | D:6      | Reached skill level 11 in Axes
  5574 | D:6      | HP: 4/105 [poisoned by a gnoll sergeant]
  5575 | D:6      | HP: 1/70 [poisoned by a gnoll sergeant]
  5576 | D:6      | Succumbed to a gnoll sergeant's poison

Skill      XL: |  1  2  3  4  5  6  7  8 |
---------------+-------------------------+-----
Axes           | 4 5 6 7 9 10 11 | 11.1
Fighting       | 4 6 |  6.0
Armour         | 3 5 6 |  6.3
Dodging        | |  2.2

Action                   |  1- 3 |  4- 6 |  7- 9 || total
-------------------------+-------+-------+-------++-------
Melee: Hand axe          |    72 |    80 |    63 ||   215
       Headbutt          |     8 |    14 |    21 ||    43
       War axe           |       |       |    63 ||    63
Throw: Javelin           |       |       |    14 ||    14
Invok: Berserk           |     1 |     2 |     3 ||     6
  Use: Potion            |       |       |     1 ||     1
  Eat: Chunk             |     1 |     7 |     4 ||    12
       Ration            |       |       |     3 ||     3
Armor: Animal skin       |     8 |     5 |       ||    13
       Ring mail         |       |    14 |    34 ||    48
Dodge: Dodged            |    49 |    40 |    66 ||   155
